 Dungeon Crawl Stone Soup version 0.29-a0-275-g389c0b56f3 (webtiles) character file.

Game seed: 6245786032138175508

51 Dabor the Chopper (level 3, 0/31 HPs)
             Began as a Palentonga Berserker on Mar 12, 2022.
             Was a Believer of Trog.
             Slain by a gnoll
             ... wielding a +0 spear
              (8 damage)
             ... on level 2 of the Dungeon.
             The game lasted 00:01:35 (1539 turns).

Dabor the Chopper (Palentonga Berserker)            Turns: 1539, Time: 00:01:35

Health: 0/31       AC:  5    Str: 22    XL:     3   Next: 58%
Magic:  3/3        EV:  7    Int:  7    God:    Trog [**....]
Gold:   85         SH:  8    Dex:  9    Spells: 2/2 levels left

rFire   . . .      SeeInvis +   a - +0 hand axe (venom)
rCold   . . .      Faith    .   j - +2 kite shield
rNeg    . . .      Spirit   .   k - +0 ring mail
rPois   .          Reflect  .   (no helmet)
rElec   .          Harm     .   (no cloak)
rCorr   .          Rampage  .   (no gloves)
Will    .....                   (no barding)
Stlth   ..........              (no amulet)
HPRegen 0.10/turn               (no ring)
MPRegen 0.08/turn               (no ring)

@: no status effects
A: large, rugged brown scales 3, see invisible, deformed body, roll 1, armoured
tail
a: Rolling Charge, Renounce Religion, Berserk, Trog's Hand


You were on level 2 of the Dungeon.
You worshipped Trog.
Trog was pleased with you.
You visited 1 branch of the dungeon, and saw 2 of its levels.

You collected 85 gold pieces.

Inventory:

Hand Weapons
 a - a +0 hand axe of venom (weapon)
Armour
 b - a +0 animal skin
 j - a +2 kite shield (worn)
 k - a +0 ring mail (worn)
Jewellery
 g - an amulet of magic regeneration
Scrolls
 c - a scroll of teleportation
 f - 2 scrolls of brand weapon
 h - a scroll of immolation
 i - a scroll of holy word
 n - a scroll of vulnerability {unknown}
Potions
 d - 3 potions of lignification {unknown}
 e - 2 potions of degeneration {unknown}
 l - a potion of ambrosia {unknown}
 m - a potion of curing {unknown}


   Skills:
 * Level 3.4 Fighting
 * Level 3.5 Axes
 + Level 2.0 Armour
 + Level 2.0 Dodging
 + Level 0.6 Shields


You had 2 spell levels left.
You didn't know any spells.
Your spell library was empty.

Dungeon Overview and Level Annotations

Branches:
Dungeon (2/15)

Altars:

Shops:
D:1 (   D:2 [


Innate Abilities, Weirdness & Mutations

You are completely covered in rugged brown scales. (AC +3, +7% HP)
You have supernaturally acute eyesight. (SInv)
Armour fits poorly on your strangely shaped body.
You can roll at nearby foes to attack.
You have a long armoured tail.


Message History

Key pressed, stopping explore.
No target in view!
Key pressed, stopping explore.
No target in view!
You open the door.
There is an open door here.
A gnoll comes into view. It is wielding a +0 halberd.
The gnoll shouts!
A worm comes into view.
A gnoll comes into view. It is wielding a +0 spear. x2
The gnoll moves out of view.
There are monsters nearby!
A gnoll comes into view. It is wielding a +0 spear.
The gnoll shouts! x2
The gnoll hits you from afar with a +0 spear.
The gnoll moves out of view.
There are monsters nearby!
You hit the worm.
The worm is moderately wounded.
The worm bites you but does no damage.
The gnoll hits you from afar with a +0 spear.
You block the gnoll's attack.
There are monsters nearby!
You slash the worm!
The worm is poisoned.
You tail-slap the worm.
You kill the worm!
Trog accepts your kill. The gnoll barely misses you.
You block the gnoll's attack.
There are monsters nearby!
Found two stone staircases leading up.
The gnoll hits you from afar with a +0 spear.
You block the gnoll's attack.
The gnoll hits you but does no damage. x2
There are monsters nearby!
You slash the gnoll!
The gnoll is poisoned.
Your tail-slap misses the gnoll.
The gnoll is severely wounded.
You slash the gnoll!
The gnoll is poisoned.
You closely miss the gnoll.
The gnoll hits you from afar with a +0 spear.
The gnoll hits you with a +0 halberd!
* * * LOW HITPOINT WARNING * * *
You block the gnoll's attack. The gnoll hits you with a +0 spear!
You die...

).#.#.##.#.#####..............)'.
..#....†.#.....'.....###########.
..###†##.#######.....# ##
......##### #...>.# ...#......#
#####.#### ...#.####.# #...#.#
...#.# ###<<.#.# ...#.#
#....g#.### ...#.# +....g@...#
...#.# #....g#...# ...#.#
###..g#......# ......
#####......# ... #..$.....
#........ ######... ..


You could see 4 gnolls.

Vanquished Creatures
  2 adders (D:2)
  A worm (D:2)
  3 endoplasms
  A giant cockroach (D:2)
  2 goblins
  4 hobgoblins
  3 kobolds
  A quokka (D:2)
  4 ball pythons
  2 bats
  3 frilled lizards
  4 rats
30 creatures vanquished.

Vanquished Creatures (others)
  9 plants (D:1)
  9 withered plants (D:1)
18 creatures vanquished.

Grand Total: 48 creatures vanquished

Notes
Turn   | Place    | Note
-------+----------+-------------------------------------------
     0 | D:1      | Dabor the Palentonga Berserker began the quest for the Orb.
     0 | D:1      | Reached XP level 1. HP: 19/19 MP: 1/1
   249 | D:1      | Found Qeymparph's Antique Weapon Boutique.
   331 | D:1      | Found a faded altar of an unknown god.
   379 | D:1      | Reached XP level 2. HP: 24/25 MP: 2/2
   993 | D:2      | Found Pamnoane's Antique Armour Boutique.
  1234 | D:2      | Reached XP level 3. HP: 27/31 MP: 3/3
  1297 | D:2      | Reached ** piety under Trog
  1539 | D:2      | Slain by a gnoll

Illustrated notes

Levels and vault maps discovered:
D:1:      wander_arrival_fairy_ring, layout_basic,
          shapermc_ecumenical_altar_flowoftime, serial_shops, shop,
          kennysheep_another_room
D:2:      layout_basic, serial_shops,
          nicolae_shop_temple_entry_statues_fountains

Skill      XL: |  1  2  3 |
---------------+----------+-----
Armour         | 2 |  2.0
Dodging        | 2 |  2.0
Fighting       | |  3.4
Axes           | |  3.5
Shields        | |  0.6

Action                   || total
-------------------------++-------
Melee: Hand axe          ||   115
       Tailslap          ||    17
       Punch             ||     2
  Use: Scroll            ||     4
 Stab: Distracted        ||     1
Armor: Animal skin       ||     8
       Ring mail         ||    29
Dodge: Dodged            ||    20
Block: Kite shield       ||    26

Table legend: (Time is in decaauts)
 A = Elapsed time spent in this place.
 B = Non-inter-level travel time spent in this place.
 C = Inter-level travel time spent in this place.
 D = Time resting spent in this place.
 E = Time spent auto-exploring this place.
 F = Levels seen in this place.
 G = Mean time per level.
                   A        B        C        D        E       F      G
               +--------+--------+--------+--------+--------+-----+--------+
         Total |   1563 |   1467 |     96 |      0 |   1213 |   2 |  781.5 |
       Dungeon |   1563 |   1467 |     96 |      0 |   1213 |   2 |  781.5 |
               +--------+--------+--------+--------+--------+-----+--------+

Top non-repeatable levels by time:
     D:1: 870 daAuts
     D:2: 693 daAuts
